AoeStats
← ...

Lombardia

509717914Analyzed
2v2 RM · 3d ago on Sep 27, 2026· 38m 4s· 4 players
Game mode
Random Map
Map size
Medium (4 player)
Population
200
Speed
Normal
Resources
Standard
Victory
Conquest
Starting age
Dark Age
Ending age
Imperial Age
RankedLock teamsTeams togetherTeam positionsShared explorationLock speedFull tech treeHidden civsTurbo modeCheats
Victory
Defeat
🇺🇸 Spanish · United States
811
+17
🇷🇺 Bulgarians · Russia
804
+17
🇨🇿 Bulgarians · Czechia
833
-17
🇨🇿 Britons · Czechia
826
-17
Kulesh2732
12:15 Feudal Age
14:11 Wheelbarrow
15:46 Double-Bit Axe
22:12 Castle Age
25:03 Scale Mail Armor
25:15 Forging
25:51 Chain Mail Armor
25:33 Gambesons
25:50 Squires
27:55 Arson
30:05 Iron Casting
29:36 Scale Barding Armor
30:49 Bloodlines
30:40 Husbandry
32:22 Loom
32:54 Hand Cart
32:24 Town Watch
33:06 Chain Barding Armor
36:18 Horse Collar
38:25 Stirrups
P1stoletov228
8:57 Loom
10:50 Feudal Age
11:51 Horse Collar
11:58 Double-Bit Axe
15:49 Wheelbarrow
18:26 Castle Age
17:38 Stone Mining
17:51 Town Watch
19:07 Padded Archer Armor
20:09 Gold Mining
20:49 Leather Archer Armor
23:40 Stone Shaft Mining
27:18 Heavy Plow
28:48 Bow Saw
29:23 Husbandry
29:36 Bloodlines
32:42 Hand Cart
39:14 Imperial Age
36:44 Town Patrol
...
5:08 Loom
13:19 Feudal Age
18:40 Forging
18:31 Scale Mail Armor
24:23 Castle Age
25:56 Scale Barding Armor
27:13 Wheelbarrow
29:02 Bloodlines
28:57 Husbandry
34:37 Imperial Age
33:24 Gold Mining
34:05 Stone Mining
36:04 Squires
35:24 Pikeman
LOLSICK
1:49 Loom
12:20 Feudal Age
13:29 Horse Collar
14:26 Fletching
15:18 Double-Bit Axe
24:06 Castle Age
23:39 Padded Archer Armor
24:01 Gold Mining
24:01 Stone Mining
24:35 Crossbowman
27:52 Bow Saw
27:24 Horse Collar
28:41 Bodkin Arrow
29:02 Leather Archer Armor
29:29 Wheelbarrow
29:31 Gold Shaft Mining
31:38 Forging
31:28 Scale Mail Armor
34:08 Hand Cart
34:26 Pikeman
Connection lost

Rejoining the realm…

Still unreachable

The connection could not be restored.

Session expired

The server has moved on; the page needs a fresh start.